 Dungeon Crawl Stone Soup version 0.30.1-11-g7821555f0a (webtiles) character file.

Game seed: 8737535959585768361

9081 Cheops the Spear-Bearer (level 11, -3/89 HPs)
             Began as a Merfolk Fighter on Nov 22, 2023.
             Was a Follower of the Shining One.
             Shot with an arrow by a centaur warrior (18 damage)
             ... on level 11 of the Dungeon.
             The game lasted 00:26:00 (11195 turns).

Cheops the Spear-Bearer (Merfolk Fighter)          Turns: 11195, Time: 00:26:00

Health: -3/89      AC: 11    Str: 16    XL:     11   Next: 40%
Magic:  18/18      EV: 10    Int: 12    God:    the Shining One [*.....]
Gold:   567        SH:  5    Dex: 14    Spells: 10/10 levels left

rFire   + . .        a - +8 trident of the Octopus King {venom, rElec rPois}
rCold   . . .        c - +0 buckler
rNeg    . . .        u - +3 ring mail
rPois   +            z - +0 helmet
rElec   +            (no cloak)
rCorr   .            (no gloves)
SInv    .            r - +0 pair of boots
Will    .....        (no amulet)
Stlth   +            f - ring of flight
HPRegen 0.34/turn    E - ring of protection from fire
MPRegen 0.16/turn

%: no passive effects
@: flying, glowing
A: (nimble swimmer 2), mertail
a: Renounce Religion, Divine Shield


You were on level 11 of the Dungeon.
You worshipped the Shining One.
The Shining One was aware of your devotion.
You visited 2 branches of the dungeon, and saw 12 of its levels.

You collected 567 gold pieces.

Inventory:

Hand Weapons
 a - the +8 trident of the Octopus King (weapon) {venom, rElec rPois}
   (You found it on level 6 of the Dungeon)

   rElec:     It insulates you from electricity.
   rPois:     It protects you from poison.
 b - a +1 war axe of flaming
 D - a +0 trident
 J - a +4 spear
Missiles
 h - 3 throwing nets (quivered)
Armour
 c - a +0 buckler (worn)
 r - a +0 pair of boots (worn)
 u - a +3 ring mail (worn)
 x - a +0 scale mail
 z - a +0 helmet (worn)
Jewellery
 f - a ring of flight (left hand)
 E - a ring of protection from fire (right hand)
 I - an amulet of faith
Wands
 q - a wand of iceblast (21)
 s - a wand of flame (31)
 t - a wand of paralysis (2)
Scrolls
 d - a scroll of summoning
 j - 3 scrolls of poison
 k - 4 scrolls of immolation
 m - 2 scrolls of fear
 p - 2 scrolls of fog
 v - 4 scrolls of vulnerability
 y - 3 scrolls of amnesia
 B - a scroll of teleportation
 G - a scroll of enchant weapon
 H - a scroll of blinking
 N - a scroll of brand weapon {unknown}
Potions
 e - 6 potions of curing
 g - a potion of ambrosia {unknown}
 i - a potion of experience {unknown}
 l - a potion of heal wounds {unknown}
 n - 3 potions of lignification {unknown}
 o - 3 potions of haste {unknown}
 w - 3 potions of attraction {unknown}
 A - a potion of flight
 C - 3 potions of cancellation {unknown}
 K - a potion of magic
 L - a potion of brilliance {unknown}


   Skills:
 + Level 9.6 Fighting
 - Level 14.0 Polearms
 - Level 4.0 Armour
 - Level 5.0 Shields
 * Level 10.4 Invocations


You had 10 spell levels left.
You didn't know any spells.
Your spell library contained the following spells:

 Spells                   Type           Power      Damage    Failure   Level
 Dazzling Flash           Conj/Hex       0%         N/A       92%         3
 Inner Flame              Hex/Fire       0%         N/A       92%         3
 Flame Wave               Conj/Fire      0%         2d4       100%        4
 Sticky Flame             Conj/Fire      0%         2d3       100%        4
 Agony                    Necr           0%         N/A       100%        5
 Silence                  Hex/Air        0%         N/A       100%        5


Dungeon Overview and Level Annotations

Branches:
Dungeon (11/15)            Temple (1/1) D:7            Lair (0/5) D:8
    Orc (0/2) D:10

Altars:
Ashenzari
Cheibriados
Dithmenos
Elyvilon
Fedhas
Gozag
Hepliaklqana
Kikubaaqudgha
Makhleb
Nemelex Xobeh
Okawaru
Qazlal
Ru
Sif Muna
Trog
Uskayaw
Vehumet
Wu Jian
Xom
Yredelemnul
Zin
The Shining One

Shops:
D:3 ::(   D:5 *

Portals:
Ice
Cave: D:11

Annotations:
D:7 1 transporter, Mrcawl's ghost, novice MiFi


Innate Abilities, Weirdness & Mutations

((You are very nimble when in or above water. (Stealth+, EV+, Speed+++)))
Your lower body shifts to a powerful aquatic tail in water.


Message History

Partly explored, can't reach some places.
Partly explored, can't reach some places.
Search for what [Enter for "."]? .
Unknown command.
As you read the scroll of identify, it crumbles to dust.
F - a scroll of magic mapping
Okay, then.
Okay, then.
Okay, then.
(D) Dungeon (T) Temple (L) Lair (O) Orcish Mines
Where to? (Enter - D:9 @ (x,y), ? - help)
There is a stone staircase leading down here.
You fly downwards.
You feel a wave of frost pass over you.
There is an entrance to an ice cave on this level.
Hurry and find it before the portal melts!
There is a stone staircase leading up here.
As you read the scroll of magic mapping, it crumbles to dust.
You feel aware of your surroundings.
You sensed 1 shop/portal.
Okay, then.
Search for what [Enter for "."]? rc+ Can't find anything matching that.
Unknown command.
Found a frozen archway.
A centaur warrior comes into view.
The centaur warrior shouts!
The centaur warrior wields a +0 shortbow.
The centaur warrior shoots an arrow.
The arrow barely misses you.
The centaur warrior shoots an arrow.
The arrow hits you.
The centaur warrior shoots an arrow.
The arrow hits you!
The centaur warrior shoots an arrow.
The arrow hits you!!
* * * LOW HITPOINT WARNING * * *
The centaur warrior shoots an arrow.
The arrow hits you!!
* * * LOW HITPOINT WARNING * * *
The centaur warrior shoots an arrow.
The arrow hits you!
* * * LOW HITPOINT WARNING * * *
There is a frozen archway, spattered with blood here.
The centaur warrior shoots an arrow.
The arrow hits you.
* * * LOW HITPOINT WARNING * * *
The centaur warrior shoots an arrow.
The arrow hits you!!
You die...

*********************************
,,,,,,,,,,,,,,,,,,,,,,,,,,,,,,,,,
**,,*,,**,,*,,,,*,>,,,,,,*,,*,,,*
,,,,,,,,,,,,,,,,,,,,,,,,>,,,,,,,*
,,,,,,,**#+###*##+####**,,,,,,,,,
,*,,*,,*,....c##.....# *,,,,**,,,
,*,,*,,*,.......@#...# *,*,,,,,,*
,,,,,,,**####........##*,,,,,,,,,
******,,,,,,#..#.∩.#..#****,**,**
* *,*,,,,*,##........#,,,*,,,,*,
* *,+,,,,*,*###.#..#.#,,,*,,,,*,
* *,*,,,,*,* #......#,,,*,*,,**
******,,,,,.####......#,,,+,*,,,,
,,,,,,,,,,,...........#,,,*,,,,,,
,,,,,*,,*,,#..#.....#.#,,,*,,,,,,


You could see a centaur warrior.

Vanquished Creatures
  A two-headed ogre (D:9)
  Pikel (D:5)
  A komodo dragon (D:8)
  3 trolls (D:10)
  The ghost of Linnx the Insei, an amateur MfTm (D:6)
  Sigmund (D:5)
  Eustachio (D:5)
  11 yaks
  2 wyverns
  3 steam dragons
  2 water moccasins (D:8)
  8 orc warriors
  An ice beast (D:6)
  A sky beast (D:7)
  3 ogres
  A centaur (D:7)
  A phantom (D:7)
  3 kobold brigands
  5 bullfrogs
  A scorpion (D:3)
  8 wights (D:8)
  14 killer bees
  2 howler monkeys
  5 orc priests
  4 hounds
  4 jellies
  A sleepcap (D:5)
  Jessica (D:2)
  4 iguanas
  Ijyb (D:5)
  9 orc wizards
  11 adders
  7 gnolls
  A shadow imp (D:7)
  A white imp (D:3)
  A worm (D:4)
  6 dart slugs
  48 orcs
  5 endoplasms
  3 giant cockroaches
  9 goblins
  8 hobgoblins
  2 jackals (D:4)
  23 kobolds
  4 quokkas
  7 ball pythons
  5 bats
  4 frilled lizards
  3 rats
  A butterfly (D:7)
253 creatures vanquished.

Notes
Turn   | Place    | Note
-------+----------+-------------------------------------------
     0 | D:1      | Cheops the Merfolk Fighter began the quest for the Orb.
     0 | D:1      | Reached XP level 1. HP: 18/18 MP: 1/1
   158 | D:1      | Reached XP level 2. HP: 24/24 MP: 2/2
   266 | D:1      | Found a faded altar of an unknown god.
   556 | D:1      | Reached XP level 3. HP: 29/29 MP: 3/3
   957 | D:2      | Found a glowing golden altar of the Shining One.
  1283 | D:2      | Noticed Jessica
  1304 | D:2      | Killed Jessica
  1305 | D:2      | Reached XP level 4. HP: 29/35 MP: 4/4
  1621 | D:3      | Found Foithag's Weapon Emporium.
  1686 | D:3      | Reached skill level 5 in Shields
  1762 | D:3      | Found Yvigiacw's Book Boutique.
  1768 | D:3      | Found Cecaw's Book Shoppe.
  1830 | D:3      | Reached skill level 3 in Polearms
  2161 | D:3      | Reached skill level 4 in Polearms
  2364 | D:3      | Reached XP level 5. HP: 36/41 MP: 5/5
  2547 | D:3      | Reached skill level 5 in Polearms
  2974 | D:4      | Found a shadowy altar of Dithmenos.
  3212 | D:4      | Reached skill level 6 in Polearms
  3212 | D:4      | Reached XP level 6. HP: 47/47 MP: 6/6
  3411 | D:4      | Reached skill level 7 in Polearms
  3562 | D:5      | Entered Level 5 of the Dungeon
  3681 | D:5      | Noticed Eustachio
  3719 | D:5      | Noticed Sigmund
  3731 | D:5      | Killed Sigmund
  3732 | D:5      | Reached skill level 8 in Polearms
  3732 | D:5      | Reached XP level 7. HP: 43/52 MP: 7/7
  3741 | D:5      | Found an ornate altar of the Wu Jian Council.
  3752 | D:5      | Noticed Ijyb
  3899 | D:5      | Killed Ijyb
  3909 | D:4      | Reached skill level 9 in Polearms
  4186 | D:5      | Found Tuybrig's Mass Market.
  4189 | D:5      | Found a stormy altar of Qazlal.
  4279 | D:5      | Noticed Pikel
  4322 | D:5      | Killed Pikel
  4323 | D:5      | Reached skill level 11 in Polearms
  4323 | D:5      | Reached XP level 8. HP: 58/58 MP: 8/8
  4448 | D:5      | Killed Eustachio
  4449 | D:5      | Reached skill level 12 in Polearms
  4665 | D:5      | Found a broken altar of Ashenzari.
  5165 | D:6      | Reached skill level 13 in Polearms
  5327 | D:6      | Found the +8 trident of the Octopus King {venom, rElec
                  | rPois}
  5477 | D:6      | Reached XP level 9. HP: 64/64 MP: 9/9
  5587 | D:6      | Found a runed translucent door.
  5587 | D:6      | Noticed Linnx's ghost (amateur MfTm)
  5623 | D:6      | Reached skill level 14 in Polearms
  6224 | D:6      | Killed Linnx's ghost
  6351 | D:7      | Noticed Mrcawl's ghost (novice MiFi)
  6351 | D:7      | Found a transporter.
  6368 | D:7      | Found a staircase to the Ecumenical Temple.
  6383 | D:7      | Found a radiant altar of Vehumet.
  6403 | Temple   | Entered the Ecumenical Temple
  6494 | Temple   | Became a worshipper of the Shining One
  6538 | D:7      | Reached skill level 5 in Fighting
  6765 | D:7      | Reached skill level 1 in Invocations
  6905 | D:7      | Found a transporter.
  7079 | D:7      | Found a bloodstained altar of Trog.
  7347 | D:7      | HP: 1/71 [Mrcawl's ghost (14)]
  7591 | D:8      | Noticed a komodo dragon
  7603 | D:8      | Killed a komodo dragon
  7604 | D:8      | Reached XP level 10. HP: 30/77 MP: 11/13
  7855 | D:8      | Found a staircase to the Lair.
  7937 | D:8      | Reached * piety under the Shining One
  7958 | D:8      | Reached skill level 5 in Invocations
  8264 | D:8      | Paralysed by an orc for 3 turns
  8272 | D:8      | Paralysed by an orc for 3 turns
  9234 | D:9      | Noticed a two-headed ogre
  9246 | D:9      | Killed a two-headed ogre
  9247 | D:9      | Reached XP level 11. HP: 33/87 MP: 17/17
 10037 | D:10     | Entered Level 10 of the Dungeon
 10634 | D:10     | Found an iron altar of Okawaru.
 10727 | D:10     | Reached skill level 10 in Invocations
 10805 | D:10     | Found a shimmering blue altar of Sif Muna.
 11001 | D:10     | Found a staircase to the Orcish Mines.
 11186 | D:11     | Found a frozen archway.
 11190 | D:11     | Noticed a centaur warrior
 11195 | D:11     | Shot with an arrow by a centaur warrior

Illustrated notes

Levels and vault maps discovered:
D:1:      lightli_iron_boxes, layout_loops_corners,
          dreamdust_ecumenical_altar_sealed_demon
D:2:      layout_basic, basic_altar, uniq_jessica
D:3:      layout_basic, serial_shops, shop, nicolae_diamond_shop, shop,
          minmay_joined_circles
D:4:      layout_basic, mainiacjoe_overflow_tiny_flanked, grunt_ministairs_15
D:5:      layout_rooms, mainiacjoe_overflow_concentric_impassable,
          mainiacjoe_overflow_alcove_2, mainiacjoe_overflow_alcove_1,
          minmay_shop_mass, uniq_sigmund, uniq_ijyb, uniq_eustachio, uniq_pikel
D:6:      layout_basic, hellmonk_ghost_happy_afterlife, minmay_misc_feat_iff
D:7:      layout_gridville, mainiacjoe_overflow_six_doors_small,
          trog_hazing_becter, minmay_temple_entry_butterflies,
          gammafunk_ghost_smash, wad_floor_pattern_1
D:8:      minmay_razor_zed, layout_basic, lair_entry_dummy
D:9:      layout_basic
D:10:     layout_roguey, lemuel_crystal_altar, lemuel_tele_altar, david_orc_4
D:11:     layout_stronghold, portal_ice_cave_entry_pillars_1, uniq_lodul
Temple:   nicolae_temple_great_sept

Skill      XL: |  1  2  3  4  5  6  7  8  9 10 11 |
---------------+----------------------------------+-----
Shields        | 4 5 |  5.0
Polearms       | 4 6 8 11 13 14 | 14.0
Armour         | 4 |  4.0
Fighting       | 6 8 9 |  9.6
Invocations    | 4 9 10 | 10.4

Action                     |  1- 3 |  4- 6 |  7- 9 | 10-12 || total
---------------------------+-------+-------+-------+-------++-------
  Melee: Trident           |   100 |   191 |   398 |   280 ||   969
  Throw: Throwing net      |       |     1 |       |       ||     1
 Invoke: Divine Shield     |       |       |       |     2 ||     2
  Evoke: Wand              |       |     3 |     7 |       ||    10
    Use: Scroll            |       |     7 |     6 |     6 ||    19
         Potion            |       |       |     2 |       ||     2
   Stab: Paralysed         |       |     6 |     4 |       ||    10
 Armour: Scale mail        |    39 |    41 |       |       ||    80
         Ring mail         |       |    32 |   135 |    56 ||   223
  Dodge: Dodged            |    31 |    56 |   102 |    66 ||   255
  Block: Buckler           |    29 |    34 |    68 |    47 ||   178
